 Dungeon Crawl Stone Soup version 0.28.0 (webtiles) character file.

Game seed: 12324897237880798908

354 danielguo94 the Cudgeller (level 6, -17/38 HPs)
             Began as a Gargoyle Fighter on Feb 8, 2022.
             Demolished by an ogre (22 damage)
             ... on level 4 of the Dungeon.
             The game lasted 00:04:43 (3601 turns).

danielguo94 the Cudgeller (Gargoyle Fighter)        Turns: 3601, Time: 00:04:44

Health: -17/38     AC: 15    Str: 26    XL:     6   Next: 62%
Magic:  6/6        EV: 10    Int:  8    God:
Gold:   152        SH:  4    Dex:  9    Spells: 5/5 levels left

rFire   + . .      SeeInvis +   a - +1 flail
rCold   . . .      Faith    .   c - +0 buckler
rNeg    + + .      Spirit   .   r - +4 ring mail "Kolyed" {rN+ Str+4}
rPois   ∞          Reflect  .   (no helmet)
rElec   +          Harm     .   (no cloak)
rCorr   .          Rampage  .   k - +0 pair of gloves
Will    .....                   (no boots)
Stlth   ..........              (no amulet)
HPRegen 0.12/turn               l - ring of protection from fire
MPRegen 0.10/turn               (no ring)

@: no status effects
A: sickness immunity, AC +4, negative energy resistance 1, electricity
resistance, torment resistance 1, petrification resistance, see invisible, no
potion heal 1
a: no special abilities


You were on level 4 of the Dungeon.
You visited 1 branch of the dungeon, and saw 5 of its levels.

You collected 152 gold pieces.

Inventory:

Hand Weapons
 a - a +1 flail (weapon)
Missiles
 e - 7 poisoned darts (quivered)
 f - 110 stones
 n - 5 boomerangs
Armour
 c - a +0 buckler (worn)
 k - a +0 pair of gloves (worn)
 r - the +4 ring mail "Kolyed" (worn) {rN+ Str+4}
   (You found it on level 4 of the Dungeon)

   Str:       It affects your strength (+4).
   rN:        It protects you from negative energy.
Jewellery
 l - a ring of protection from fire (left hand)
Wands
 b - a wand of flame (16)
Scrolls
 g - a scroll of enchant weapon
 h - a scroll of vulnerability {unknown}
 i - 2 scrolls of holy word
 j - a scroll of teleportation {unknown}
 m - 2 scrolls of magic mapping
 s - a scroll of blinking {unknown}
Potions
 d - a potion of invisibility {unknown}
 o - a potion of lignification {unknown}
 p - a potion of brilliance {unknown}
 q - a potion of haste {unknown}
 t - a potion of might


   Skills:
 + Level 3.9 Fighting
 * Level 5.3 Maces & Flails
 + Level 0.1 Throwing
 + Level 4.4 Armour
 + Level 0.7 Dodging
 + Level 3.9 Shields


You had 5 spell levels left.
You didn't know any spells.
Your spell library contained the following spells:

 Spells                   Type           Power      Damage    Failure   Level
 Foxfire                  Conj/Fire      0%         2x1d4     63%         1
 Corpse Rot               Necr/Air       0%         N/A       77%         2
 Poisonous Vapours        Pois/Air       0%         N/A       77%         2
 Conjure Flame            Conj/Fire      0%         6-21      94%         3
 Inner Flame              Hex/Fire       0%         N/A       94%         3
 Flame Wave               Conj/Fire      0%         2d4       100%        4


Dungeon Overview and Level Annotations

Branches:
Dungeon (5/15)
 Temple: D:4-7

Altars:


Innate Abilities, Weirdness & Mutations

You are immune to sickness and miasma.
Your stone body is resilient. (AC +4)
You are immune to poison.
You resist negative energy. (rN+)
You are resistant to electric shocks. (rElec)
You are resistant to unholy torment.
You are immune to petrification.
You have supernaturally acute eyesight. (SInv)
Potions are less effective at restoring your health.


Message History

You climb upwards.
There is a stone staircase leading down here.
You hit the orc but do no damage. The orc hits you but does no damage.
The orc closely misses you.
You barely miss the orc. The orc hits you but does no damage. x2
You hit the orc.
The orc is moderately wounded.
The orc hits you but does no damage. x2
You sock the orc!
You kill the orc!
The orc barely misses you.
You sock the orc!
You kill the orc!
No target in view!
No target in view!
You climb downwards.
The jelly misses you. The ogre misses you. The orc hits you but does no damage.
The ogre barely misses you. The orc closely misses you.
There is a stone staircase leading up here.
Unknown command.
Unknown command.
The orc hits you with a +0 flail. The jelly hits you but does no damage.
The orc closely misses you. The orc barely misses you.
The ogre hits you with a +0 giant club.
The ogre hits you with a +0 giant club!!
Ouch! That really hurt!
* * * LOW HITPOINT WARNING * * *
You climb upwards.
There is a stone staircase leading down here.
Unknown command.
Okay, then.
Unknown command.
Okay, then.
Unknown command.
You barely miss the jelly. The orc barely misses you. x2
The jelly hits you but does no damage. The orc closely misses you.
The ogre barely misses you.
The ogre hits you with a +0 giant club!!
Ouch! That really hurt!
You die...

###.......##.##.#
#.########.##
....####...#.##.#
#.)........#.
##.......#......#
############.
###.####...#.###### #.
..#.####..........# ##
#.#..........####.# #
#.######..#### ##.## ####
#.# #..######OO.#######
##..) #.#
#.......J@o.......####....
#.#
#.###.###oo.#####.........
#.######)###.#
##................
#.#..........#
#.##########.....
#.#.####.##### #)# ##....
#.#.# #.########.# ##...
#.#.# #..........# #...
#.#.# ############ ####
#...#


You could see 2 ogres, a jelly and 3 orcs.

Vanquished Creatures
  Duvessa (D:4)
  Dowan (D:4)
  A centaur skeleton (D:4)
  An iguana (D:4)
  An orc wizard (D:3)
  A hound skeleton (D:4)
  3 gnolls (D:2)
  2 adders
  A worm (D:1)
  A dart slug (D:2)
  7 orcs
  7 ball pythons
  4 bats
  5 endoplasms
  2 giant cockroaches
  6 goblins
  3 hobgoblins
  7 kobolds
  4 quokkas
  2 rats
60 creatures vanquished.

Notes
Turn   | Place    | Note
-------+----------+-------------------------------------------
     0 | D:1      | danielguo94 the Gargoyle Fighter began the quest for the
                  | Orb.
     0 | D:1      | Reached XP level 1. HP: 14/14 MP: 1/1
   164 | D:1      | Reached XP level 2. HP: 17/19 MP: 2/2
  1000 | D:2      | Reached XP level 3. HP: 22/23 MP: 3/3
  1507 | D:1      | Reached XP level 4. HP: 27/28 MP: 4/4
  1519 | D:2      | Reached skill level 3 in Maces & Flails
  2021 | D:3      | Reached XP level 5. HP: 30/32 MP: 5/5
  2038 | D:3      | Found a faded altar of an unknown god.
  2431 | D:4      | Noticed an ogre
  2496 | D:4      | Reached skill level 4 in Maces & Flails
  2623 | D:4      | Identified the +4 ring mail "Kolyed" {rN+ Str+4}
  2901 | D:4      | Noticed Duvessa
  2902 | D:4      | Noticed Dowan
  2915 | D:4      | Gained mutation: Potions are less effective at restoring
                  | your health. [potion of mutation]
  2915 | D:4      | Gained mutation: You have supernaturally acute eyesight.
                  | (SInv) [potion of mutation]
  2917 | D:4      | Killed Duvessa
  2918 | D:4      | Reached skill level 5 in Maces & Flails
  2918 | D:4      | Reached XP level 6. HP: 17/38 MP: 6/6
  2926 | D:4      | Killed Dowan
  3589 | D:5      | Entered Level 5 of the Dungeon
  3601 | D:4      | Demolished by an ogre

Illustrated notes

Levels and vault maps discovered:
D:1:      dpeg_arrival_round_b, layout_basic
D:2:      layout_loops_ring
D:3:      layout_basic, nicolae_ecumenical_pavilion
D:4:      layout_loops_ring, uniq_duvessa
D:5:      layout_cave_pools, minmay_misc_feat_ornament,
          minmay_fractal_squares_5, uniq_edmund

Skill      XL: |  1  2  3  4  5 |
---------------+----------------+-----
Armour         | 4 |  4.4
Maces & Flails | 3 5 |  5.3
Fighting       | |  3.9
Throwing       | |  0.1
Dodging        | |  0.7
Shields        | |  3.9

Action                   |  1- 3 |  4- 6 || total
-------------------------+-------+-------++-------
Melee: Flail             |   103 |    99 ||   202
Throw: Dart              |       |     9 ||     9
  Use: Scroll            |       |     4 ||     4
       Potion            |       |     3 ||     3
Armor: Scale mail        |    64 |    26 ||    90
       Ring mail         |       |    19 ||    19
       Skin              |       |     3 ||     3
Dodge: Dodged            |    50 |    58 ||   108
Block: Buckler           |    12 |    29 ||    41
